 Dungeon Crawl Stone Soup version 0.28.0-53-g5a82cb258f (webtiles) character file.

Game seed: 11558531409504366349

16894 101zpm the Thaumaturge (level 12, -8/66 HPs)
             Began as a Djinni Fire Elementalist on May 22, 2022.
             Was a Believer of Hepliaklqana.
             Shot with a bolt by a tengu warrior (22 damage)
             ... on level 10 of the Dungeon.
             The game lasted 00:44:13 (16656 turns).

101zpm the Thaumaturge (Djinni Fire Elementalist)  Turns: 16656, Time: 00:44:14

Health: -8/66      AC:  3    Str:  7    XL:     12   Next: 75%
Gold:   466        EV: 14    Int: 20    God:    Hepliaklqana [**....] SH:  0 Dex: 22

rFire   + + .      SeeInvis .   (no weapon)
rCold   x . .      Faith    .   (no shield)
rNeg    . . .      Spirit   .   a - +1 robe
rPois   ∞          Reflect  .   (no helmet)
rElec   .          Harm     .   (no cloak)
rCorr   .          Rampage  .   (no gloves)
Will    +....                   (boots unavailable)
Stlth   +++.......              (no amulet)
HPRegen 0.21/turn               e - ring of wizardry
MPRegen 0.00/turn               n - +6 ring of dexterity

@: flying
A: reduced essence, sickness immunity, fire resistance 2, cold vulnerability 1,
float, innate caster, HP casting, extra vitality 1
a: Renounce Religion, Ancestor Life: Knight, Ancestor Life: Battlemage, Ancestor
Life: Hexer, Recall Ancestor, Ancestor Identity


You were on level 10 of the Dungeon.
You worshipped Hepliaklqana.
Hepliaklqana was pleased with you.
You visited 3 branches of the dungeon, and saw 13 of its levels.

You collected 466 gold pieces.

Inventory:

Hand Weapons
 s - a +0 whip of flaming
 y - a +1 vorpal war axe
Missiles
 E - a throwing net
Armour
 a - a +1 robe (worn)
 b - the +1 robe "Emamupeu" {Harm rCorr}
   (You found it on level 2 of the Dungeon)

   rCorr:     It protects you from acid and corrosion.
   Harm:      It increases damage dealt and taken.
 k - the +1 chain mail of a bazaar {rPois rC- rCorr Stlth+}
   (You found it on level 3 of the Dungeon)

   rC:        It makes you vulnerable to cold.
   rPois:     It protects you from poison.
   rCorr:     It protects you from acid and corrosion.
   Stlth:     It makes you more stealthy.
 o - the +4 chain mail of Masochism {Rampage Will++ Str-5}
   (You found it on level 10 of the Dungeon)

   Str:       It affects your strength (-5).
   Rampage:   It bestows one free step when moving towards enemies.
   Will:      It greatly increases your willpower.
 z - +1 acid dragon scales
Jewellery
 e - a ring of wizardry (left hand)
 n - a +6 ring of dexterity (right hand)
 q - a ring of resist corrosion
 x - an amulet of faith
Wands
 i - a wand of flame (40)
 t - a wand of polymorph (14)
 D - a wand of paralysis (6)
Scrolls
 f - 4 scrolls of immolation
 g - 3 scrolls of teleportation
 m - a scroll of fog
 p - a scroll of vulnerability
 r - a scroll of enchant armour
 u - 2 scrolls of identify
 w - a scroll of enchant weapon
 B - 2 scrolls of noise
 F - a scroll of torment {unknown}
Potions
 c - 5 potions of might
 d - a potion of haste
 h - 4 potions of curing
 j - 2 potions of brilliance {unknown}
 l - a potion of cancellation {unknown}
 v - 5 potions of degeneration {unknown}
 A - 4 potions of mutation {unknown}
 C - a potion of lignification {unknown}


   Skills:
 + Level 2.0 Fighting
 + Level 3.2 Dodging
 + Level 4.0 Stealth
 + Level 14.9 Spellcasting
 + Level 1.1 Evocations


You had 15 spell levels left.
You knew the following spells:

 Your Spells              Type           Power      Damage    Failure   Level
a - Foxfire               Conj/Fire      100%       2x1d9     0%          1
b - Scorch                Fire           100%       2d10      0%          2
c - Conjure Flame         Conj/Fire      65%        6-21      1%          3
d - Inner Flame           Hex/Fire       65%        N/A       1%          3
e - Flame Wave            Conj/Fire      65%        2d12      1%          4
f - Sandblast             Erth           100%       2d20      0%          1
g - Call Imp              Summ           65%        N/A       0%          2
h - Blink                 Tloc           100%       N/A       0%          2
i - Teleport Other        Tloc           65%        N/A       1%          3
j - Airstrike             Air            32%        N/A       1%          4
Your spell library was empty.

Dungeon Overview and Level Annotations

Branches:
Dungeon (11/15)            Temple (1/1) D:7            Lair (0/6) D:9
    Orc (1/2) D:10

Altars:
Ashenzari
Cheibriados
Dithmenos
Elyvilon
Fedhas
Gozag
Hepliaklqana
Kikubaaqudgha
Makhleb
Nemelex Xobeh
Okawaru
Qazlal
Ru
Sif Muna
Trog
Uskayaw
Vehumet
Wu Jian
Xom
Yredelemnul
Zin
The Shining One

Shops:
D:2 :   D:10 ?

Annotations:
D:11 Grum


Innate Abilities, Weirdness & Mutations

Your life essence is reduced to manifest your ancestor. (-10% HP)
You are immune to sickness and miasma.
You are immune to poison.
Your flesh is very heat resistant. (rF++)
You are vulnerable to cold. (rC-)
You float through the air rather than walking.
You learn spells naturally, not from books.
Your magical power is your life essence.
You have superior vitality. (+4 MHP)


Message History

Aiming: Inner Flame (safe; 1% risk of failure)
Press: ? - help, Dir - move target, f - tengu warrior
Aim: a tengu warrior, wielding a +3 broad axe, wearing a +0 ring mail and quivering bolts (chance to affect: 89%)
The tengu warrior is filled with an inner flame.
You conjure some foxfire!
The tengu warrior unwields a +3 broad axe.
The tengu warrior wields a +0 arbalest.
The tengu warrior shoots a bolt.
The bolt barely misses Kendra.
The bolt hits you!
* * * LOW HITPOINT WARNING * * *
You are too injured to fight recklessly!
Casting: Foxfire (safe; 0% risk of failure)
Press: ? - help, Q - select action, (/) - cycle Dir - look around, f - activate You conjure some foxfire!
* * * LOW HITPOINT WARNING * * *
The foxfire hits the tengu warrior.
Flame seeps out of the tengu warrior.
The tengu warrior is lightly wounded.
Casting: Foxfire (safe; 0% risk of failure)
Confirm with . or Enter, or press ? or * to list all spells.
Aiming: Airstrike (safe; 1% risk of failure)
Press: ? - help, Dir - move target, f - tengu warrior
Aim: a tengu warrior, wielding a +0 arbalest, wearing a +0 ring mail and quivering bolts (flame, lightly wounded, inner flame, ally target, empty space bonus: 4/8)
The air twists around and strikes the tengu warrior!
Flame seeps out of the tengu warrior.
The tengu warrior is moderately wounded.
* * * LOW HITPOINT WARNING * * *
The foxfire hits the tengu warrior.
Flame seeps out of the tengu warrior.
The tengu warrior is moderately wounded.
The foxfire hits the tengu warrior.
Flame seeps out of the tengu warrior.
The tengu warrior is moderately wounded.
Kendra barely misses the tengu warrior.
Casting: Foxfire (safe; 0% risk of failure)
Press: ? - help, Q - select action, (/) - cycle Dir - look around, f - activate You conjure some foxfire!
* * * LOW HITPOINT WARNING * * *
The foxfire hits the tengu warrior but does no damage.
The tengu warrior is moderately wounded.
The tengu warrior is engulfed in blazing flames.
Flame seeps out of the tengu warrior.
The tengu warrior shoots a bolt.
The bolt hits you!!
You die...

#....## ##............. #
#.....# #........... #
##....####..>........
........##........... #
..###...#..........###..
..###............###....
..).#..........###......
......####...###v§...#
#..##..###§##[(.@§§#
....#...##...###v.§.#
.........##....###..Q...
.........#.......###R...
...................###.†
##..##....##.........###
#...#.....##..........#
#.........#.....#.....##
###..#..).......##......#


You could see the friendly Kendra the ancestor and a tengu warrior (inner flame,
ally target).

Vanquished Creatures
  2 hydras (D:10)
  A two-headed ogre (D:11)
  Pikel (D:4)
  An ugly thing (D:11)
  A cyclops (D:10)
  2 manticores
  Maggie (D:6)
  A hornet (D:8)
  3 trolls (D:11)
  A slime creature (D:10)
  Sigmund (D:2)
  32 yaks
  A vampire (D:11)
  A basilisk (D:10)
  2 steam dragons
  4 wyverns
  Menkaure (D:7)
  A water moccasin (D:5)
  Duvessa (D:6)
  A black bear (D:7)
  5 orc warriors
  A sky beast (D:7)
  4 necrophages
  A hornet zombie (D:7)
  4 wolves (D:11)
  A boggart (D:10)
  2 ogres
  5 centaurs
  A lemure (D:4)
  5 kobold brigands
  A bullfrog (D:8)
  2 gnoll sergeants
  A scorpion (D:6)
  A water moccasin zombie (D:5)
  14 killer bees
  Dowan (D:6)
  3 wights (D:8)
  3 electric eels (D:11)
  4 jellies
  2 howler monkeys (D:7)
  4 centaur zombies
  3 hounds
  2 orc priests (D:7)
  6 iguanas
  12 orc wizards
  A killer bee zombie (D:7)
  A hound zombie (D:5)
  8 gnolls
  7 adders
  3 shadow imps
  A white imp (D:8)
  An adder skeleton (D:5)
  A dart slug (D:2)
  20 orcs
  2 bats (D:1)
  15 endoplasms
  A giant cockroach (D:1)
  9 goblins
  5 hobgoblins
  5 jackals
  32 kobolds
  2 quokkas
  4 ball pythons
  2 frilled lizards
  3 rats
270 creatures vanquished.

Vanquished Creatures (collateral kills)
  A wyvern (D:10)
  An ogre (D:10)
  2 centaurs
  A kobold brigand (D:10)
  A goblin (D:10)
  2 kobolds (D:11)
  5 foxfires
13 creatures vanquished.

Vanquished Creatures (others)
  6 ancestors
  2 kobolds (D:6)
  666 foxfires
  5 fungi (D:4)
  105 plants
  6 toadstools (D:4)
790 creatures vanquished.

Grand Total: 1073 creatures vanquished

Notes
Turn   | Place    | Note
-------+----------+-------------------------------------------
     0 | D:1      | 101zpm the Djinni Fire Elementalist began the quest for the
                  | Orb.
     0 | D:1      | Reached XP level 1. HP: 15/15 MP: 0/0
   377 | D:2      | Reached XP level 2. HP: 19/21 MP: 0/0
   378 | D:2      | Identified the +1 robe "Emamupeu" {Harm rCorr}
   785 | D:2      | Reached skill level 3 in Spellcasting
   785 | D:2      | Reached XP level 3. HP: 20/25 MP: 0/0
   785 | D:2      | Learned a level 1 spell: Sandblast
   882 | D:2      | Found Luddech's Book Shoppe.
   946 | D:2      | Reached XP level 4. HP: 27/31 MP: 0/0
  1469 | D:2      | Noticed Sigmund
  1482 | D:2      | Killed Sigmund
  1483 | D:2      | Reached skill level 4 in Spellcasting
  1483 | D:2      | Reached XP level 5. HP: 23/35 MP: 0/0
  1483 | D:2      | Learned a level 2 spell: Call Imp
  1483 | D:2      | Reached XP level 6. HP: 27/40 MP: 0/0
  1786 | D:3      | Found a stormy altar of Qazlal.
  1787 | D:3      | Noticed a fire elemental
  1788 | D:3      | Noticed a water elemental
  1788 | D:3      | Noticed an air elemental
  2052 | D:3      | Identified the +1 chain mail of a bazaar {rPois rC- rCorr
                  | Stlth+}
  2530 | D:5      | Entered Level 5 of the Dungeon
  2878 | D:5      | Reached skill level 5 in Spellcasting
  3271 | D:5      | Reached XP level 7. HP: 35/45 MP: 0/0
  3271 | D:5      | Learned a level 2 spell: Blink
  3286 | D:5      | Noticed a water moccasin
  3290 | D:5      | Killed a water moccasin
  3438 | D:5      | Reached skill level 6 in Spellcasting
  3634 | D:5      | Reached XP level 8. HP: 40/50 MP: 0/0
  4172 | D:6      | Reached skill level 7 in Spellcasting
  4562 | D:6      | Noticed Dowan
  4564 | D:6      | Noticed Edmund
  4565 | D:6      | Killed Dowan
  4570 | D:6      | Noticed Edmund
  4570 | D:6      | Edmund changed into Edmund the goblin
  4574 | D:6      | Noticed Duvessa
  5653 | D:4      | Reached skill level 8 in Spellcasting
  5653 | D:4      | Reached XP level 9. HP: 51/56 MP: 0/0
  5653 | D:4      | Learned a level 3 spell: Teleport Other
  5777 | D:4      | Reached skill level 1 in Evocations
  6097 | D:4      | Noticed Pikel
  6106 | D:4      | Killed Pikel
  7794 | D:9      | Found a broken altar of Ashenzari.
  7810 | D:9      | Noticed a manticore
  7814 | D:9      | Killed a manticore
  7815 | D:9      | Reached skill level 9 in Spellcasting
  7924 | D:9      | HP: 1/56 [killer bee (4)]
  8386 | D:6      | Reached XP level 10. HP: 52/61 MP: 0/0
  8389 | D:6      | Killed Edmund the goblin
  8389 | D:6      | Killed Duvessa
  8772 | D:6      | Reached skill level 10 in Spellcasting
  8899 | D:6      | Found a sparkling altar of Nemelex Xobeh.
  8966 | D:6      | Noticed Maggie
  8972 | D:6      | Killed Maggie
  9247 | D:7      | Noticed Menkaure
  9249 | D:7      | Killed Menkaure
  9250 | D:7      | Reached skill level 1 in Fighting
 10184 | D:7      | Found a hazy altar of Hepliaklqana.
 10256 | D:7      | Found a staircase to the Ecumenical Temple.
 10263 | Temple   | Entered the Ecumenical Temple
 10394 | D:7      | Became a worshipper of Hepliaklqana the Forgotten
 10787 | D:8      | Reached skill level 11 in Spellcasting
 11800 | D:8      | Reached * piety under Hepliaklqana
 12083 | D:9      | Found a staircase to the Lair.
 12136 | D:9      | Reached XP level 11. HP: 37/61 MP: 0/0
 12136 | D:9      | Learned a level 4 spell: Airstrike
 12399 | D:9      | Found a snail-covered altar of Cheibriados.
 12481 | D:9      | Reached skill level 12 in Spellcasting
 12967 | D:10     | Entered Level 10 of the Dungeon
 12967 | D:10     | Found Hygg's Magic Scroll Shop.
 13095 | D:10     | HP: 3/61 [cloud of flame (7)]
 13420 | D:10     | Identified the +4 chain mail of Masochism {Rampage Will++
                  | Str-5}
 13705 | D:11     | Noticed a two-headed ogre
 13709 | D:11     | Killed a two-headed ogre
 13963 | D:11     | Noticed a manticore
 13968 | D:11     | Killed a manticore
 13969 | D:11     | Reached skill level 13 in Spellcasting
 14352 | D:11     | Noticed a red ugly thing
 14362 | D:11     | Noticed Grum
 14697 | D:11     | Killed a red ugly thing
 15073 | D:10     | Noticed a six-headed hydra
 15077 | D:10     | Reached XP level 12. HP: 53/66 MP: 0/0
 15080 | D:10     | Killed a six-headed hydra
 15344 | D:10     | Reached skill level 14 in Spellcasting
 15664 | D:10     | Reached ** piety under Hepliaklqana
 15679 | D:10     | Found a staircase to the Orcish Mines.
 16298 | D:10     | Found a glowing silver altar of Zin.
 16298 | D:10     | Noticed an angel
 16375 | Orc:1    | Entered Level 1 of the Orcish Mines
 16377 | Orc:1    | Noticed an orc warlord
 16442 | D:10     | Noticed a six-headed hydra
 16446 | D:10     | Killed a six-headed hydra
 16651 | D:10     | Noticed a tengu warrior
 16656 | D:10     | Shot with a bolt by a tengu warrior

Illustrated notes

Levels and vault maps discovered:
D:1:      saegor_arrival_fortress, layout_loops_corners
D:2:      layout_loops_cross, serial_shops, nicolae_shop_statue_plus,
          uniq_sigmund
D:3:      layout_loops_cross, nicolae_qazlal_style_of_elements
D:4:      cheibrodos_fertilizer, layout_basic, uniq_pikel
D:5:      layout_loops_ring
D:6:      minmay_flawed_box, layout_loops_ring, general_overflow_altar,
          lightli_orcish_oven, uniq_maggie, uniq_edmund, uniq_duvessa
D:7:      layout_basic, worldfamousw_hep_ancestral_shrine,
          minmay_temple_entry_overgrown, hangedman_decor_push, uniq_menkaure
D:8:      layout_cave_pools, marbit_many_paths
D:9:      layout_roguey, lemuel_round_altar, mainiacjoe_overflow_boulevard,
          evilmike_ruin_ashenzari, lair_entry_dummy
D:10:     minmay_the_grid_four_pointed_star_mashed
          [minmay_the_grid_triangle_9x9_pentomino_pain,
          minmay_the_grid_triangle_9x9_descending_squares,
          minmay_the_grid_triangle_9x9_steps,
          minmay_the_grid_triangle_9x9_empty, minmay_the_grid_prize_trominoes],
          layout_cave_pools, zin_angel, nicolae_trove_entry_isolated,
          enter_bailey_3, serial_shops, shop
D:11:     layout_basic, serial_bayou, serial_bayou_pond_b, serial_bayou_pond_b,
          serial_bayou_lake_a, serial_bayou_lagoon_a,
          hangedman_abyss_or_decor_slice, uniq_urug, uniq_grum
Temple:   jpeg_temple_clearing
Orc:1:    layout_caves, serial_shops, nicolae_shop_waterfront,
          gammafunk_ghost_abyssal_escape, library_closet, led_sif_book

Skill      XL: |  1  2  3  4  5  6  7  8  9 10 11 12 |
---------------+-------------------------------------+-----
Spellcasting   | 3 4 5 6 8 9 11 13 14 | 14.9
Stealth        | 2 3 4 |  4.0
Evocations     | 1 |  1.1
Dodging        | 3 |  3.2
Fighting       | 2 |  2.0

Action                   |  1- 3 |  4- 6 |  7- 9 | 10-12 || total
-------------------------+-------+-------+-------+-------++-------
 Cast: Foxfire           |    44 |    82 |   114 |   192 ||   432
       Scorch            |       |    13 |    64 |   112 ||   189
       Inner Flame       |       |     8 |    52 |   126 ||   186
       Call Imp          |       |     1 |     3 |    11 ||    15
       Airstrike         |       |       |       |    14 ||    14
       Flame Wave        |       |       |       |     2 ||     2
       Blink             |       |       |       |     1 ||     1
Evoke: Wand              |       |       |     6 |       ||     6
  Use: Scroll            |       |       |     7 |    10 ||    17
       Potion            |       |       |     1 |     1 ||     2
Armor: Robe              |       |       |     3 |     1 ||     4
       Skin              |       |       |     2 |       ||     2
Dodge: Dodged            |     1 |     2 |    12 |    32 ||    47
